Cogmind - Beta 16 @@@ ROGUE MODE // 2026.01.07 @ 21:15:09 Player: PE-P51 Result: Destroyed by L-31 Rogue with Katana Performance ------------- Evolutions (2) 1000 Regions Visited (7) 1400 Robots Destroyed (163) 815 Value Destroyed (4123) 4123 Prototype IDs (30) 600 Alien Tech Used (0) 0 Bonus (371) 371 TOTAL SCORE: 8309 Bonus ------- High Alert Combat Kills 22 Follower Combat Kills 91 Aligned with FarCom 300 Friendly Fire -42 Cogmind --------- Core Integrity 0/550 Matter 300/300 Energy 250/250 System Corruption 0% Temperature Cool (9) Movement Treading (330) Ox2 Location -8/Materials Parts ------- > --- POWER (1) -------- Ion Engine > --- PROPULSION (3) --- Armored Treads Armored Treads > --- UTILITY (5) ------ Advanced Heat Sink Advanced Heat Sink Cooling System Huge Storage Unit Hardened Medium Armor Plating > --- WEAPON (2) ------- Advanced Beam Rifle Spear > --- INVENTORY (25) --- Ion Engine Ion Engine Light Deuterium Engine Armored Treads Wheel Improved Flight Unit Improved Flight Unit Flying Fortress v7 Advanced Weight Redist. System Improved Terrain Scanner ECM Suite Reaction Control System Hardened Medium Armor Plating Hacking Suite Advanced Beam Rifle Advanced Beam Rifle Heavy Particle Cannon Improved Datajack Plasma Cutter Power Maul Mining Claw Signal Generator Peak State ------------ > --- POWER ------------ Ion Engine > --- PROPULSION ------- Armored Treads Armored Treads Armored Treads > --- UTILITY ---------- Improved Heat Sink Advanced Heat Sink Advanced Heat Sink Huge Storage Unit Hardened Medium Armor Plating > --- WEAPON ----------- Advanced Beam Rifle Advanced Beam Rifle > --- INVENTORY -------- Ion Engine Ion Engine Light Ion Engine Armored Treads Wheel Compact Wheel Improved Flight Unit Improved Flight Unit Flying Fortress v7 Improved Heat Sink ECM Suite Reaction Control System Hacking Suite Heavy Laser Heavy Particle Cannon Improved Datajack Plasma Cutter Power Maul Mining Claw Spear Signal Generator [Rating: 43] Favorites ----------- Power Improved Ion Engine Engine Improved Ion Engine Power Core Light Nuclear Core Propulsion Light Treads Treads Light Treads Leg Aluminum Leg Wheel Wheel Flight Unit Improved Flight Unit Utility Heat Sink Device Heat Sink Storage Huge Storage Unit Protection Hardened Medium Armor Plating Weapon Advanced Beam Cannon Energy Gun Advanced Beam Rifle Energy Cannon Advanced Beam Cannon Ballistic Cannon Flak Cannon Launcher Rocket Launcher Slashing Weapon Mining Claw Piercing Weapon Spear Special Melee Weapon Improved Datajack Build | -11 -10 -10 -9 -9 -9 -8 -8 ------- Run | Yrd Mat Min Mat Min Exi Min Mat Slots Evolved 4 | . . . 2 . . . 2 Power . | . . . . . . . . Propulsion 1 | . . . 1 . . . . Utility 3 | . . . 1 . . . 2 Weapon . | . . . . . . . . Parts Attached 86 | . 19 1 23 3 . 6 34 Power 9 | . 3 1 2 1 . . 2 Engine 8 | . 3 1 1 1 . . 2 Core 1 | . . . 1 . . . . Reactor . | . . . . . . . . Propulsion 26 | . 6 . 11 . . 1 8 Treads 20 | . 5 . 10 . . 1 4 Leg 2 | . . . . . . . 2 Wheel 3 | . 1 . . . . . 2 Hover . | . . . . . . . . Flight 1 | . . . 1 . . . . Utility 23 | . 4 . 4 . . 4 11 Device 17 | . 2 . 4 . . 4 7 Storage 2 | . 2 . . . . . . Processor . | . . . . . . . . Hackware . | . . . . . . . . Protection 4 | . . . . . . . 4 Artifact . | . . . . . . . . Weapon 28 | . 6 . 6 2 . 1 13 Energy Gun 10 | . . . 1 . . 1 8 Energy Cannon 11 | . 5 . 3 1 . . 2 Ballistic Gun . | . . . . . . . . Ballistic Cannon 3 | . . . . 1 . . 2 Launcher 1 | . . . 1 . . . . Special Weapon . | . . . . . . . . Impact Weapon . | . . . . . . . . Slashing Weapon 1 | . 1 . . . . . . Piercing Weapon 1 | . . . . . . . 1 Special Melee Weapon 1 | . . . 1 . . . . Unidentified Prototypes 7 | . 1 . 3 1 . . 2 Corrupted Parts 1 | . 1 . . . . . . System Corruption 5 | . 5 . . . . . . Parts Lost 27 | . 1 . 2 1 . 5 18 Power 4 | . . . . 1 . . 3 Propulsion 11 | . 1 . . . . 3 7 Utility 6 | . . . 1 . . 1 4 Weapon 6 | . . . 1 . . 1 4 Highest Loss Streak 5 | . 1 . 2 1 . 2 5 To Critical Strikes . | . . . . . . . . Average Backups 20 | 6 12 19 24 24 22 20 20 Power 4 | 1 2 4 6 6 6 6 4 Propulsion 5 | 4 2 4 8 9 7 4 5 Utility 3 | . 1 3 2 3 3 4 5 Weapon 5 | 1 5 7 5 5 5 4 3 Tool/Special . | . . . . . . . . Unused Backups 28 | . 5 . 7 . 3 . 13 Power 2 | . . . . . . . 2 Propulsion 9 | . . . 3 . 3 . 3 Utility 5 | . 1 . . . . . 4 Weapon 10 | . 4 . 3 . . . 3 Tool/Special 2 | . . . 1 . . . 1 Average Slot Usage (%) 95 | . 95 100 99 98 100 99 84 Engine 9 | . 14 14 5 7 11 11 8 Core 1 | . . . 5 2 . . . Treads 27 | . 23 28 33 33 33 32 20 Device 17 | . 10 14 21 22 22 21 16 Storage 11 | . 14 14 11 11 11 11 9 Protection 2 | . . . . . . . 9 Energy Gun 3 | . 2 . . . . 7 10 Energy Cannon 16 | . 23 28 21 20 22 14 1 Peak Build Rating 43 | 6 13 15 21 22 23 30 43 Average Rating 22 | 6 11 14 18 20 21 26 34 On Entrance 16 | 6 6 13 15 20 19 23 27 Avg Prop Armor Cover (%) 10 | . 12 . 17 . . . 8 Naked Turns . | . . . . . . . . Heaviest Build 125 | 11 94 96 97 98 98 100 125 Greatest Support 63 | 20 40 40 63 63 63 63 60 Greatest Overweight (x) 30 | . 2 2 4 1 1 2 30 Average Overweight (x) 1 | . 1 2 1 1 1 1 2 Largest Inventory Capacity 25 | 8 25 25 25 25 25 25 25 Average Capacity 24 | 8 19 25 25 25 25 25 25 Most Carried 25 | 6 18 21 25 25 25 25 25 Average Carried 22 | 6 12 19 24 24 24 24 24 Final Capacity 25 | 8 25 25 25 25 25 25 25 Final Carried 25 | 6 18 21 25 25 25 25 25 Class Distribution -------------------- 68% | Scavenger-Mutant 31% | Mutant Dominant Class ---------------- Mutant | -10/Materials Scavenger-Mutant | -10/Mines Scavenger-Mutant | -9/Materials Scavenger-Mutant | -9/Mines Scavenger-Mutant | -9/Exiles Scavenger-Mutant | -8/Mines Mutant | -8/Materials Resources | -11 -10 -10 -9 -9 -9 -8 -8 ----------- Run | Yrd Mat Min Mat Min Exi Min Mat Matter Collected 2084 | 184 290 73 525 33 . 115 864 Remotely . | . . . . . . . . Salvage Created 5609 | . 802 334 1598 403 . 500 1972 Parts 302 | . 51 22 99 19 . 23 88 Haulers Intercepted 13 | . 1 . 6 . . . 6 Recyclers Shooed 7 | . 5 . 1 . . . 1 Parts Field Recycled . | . . . . . . . . Retrieved Matter . | . . . . . . . . Parts Self-Destructed . | . . . . . . . . Prevented . | . . . . . . . . Parts Restored . | . . . . . . . . Kills | -11 -10 -10 -9 -9 -9 -8 -8 ------- Run | Yrd Mat Min Mat Min Exi Min Mat Combat Hostiles Destroyed 99 | . 13 4 29 9 . 8 36 Guns 18 | . . . . . . . 18 Cannons 65 | . 13 4 19 9 . 7 13 AOE 15 | . . . 10 . . . 5 Classes Destroyed 13 | . 8 2 1 1 . 1 . Worker 15 | . 3 1 5 1 . . 5 Builder 9 | . 3 . 2 1 . 1 2 Tunneler 6 | . . 3 1 1 . . 1 Hauler 13 | . 1 . 6 . . . 6 Recycler 10 | . 3 2 3 . . 1 1 Operator 3 | . 1 . . . . . 2 Watcher 7 | . 2 . 2 . . . 3 Swarmer 20 | . 6 3 11 . . . . Grunt 60 | . 7 . 9 7 . 8 29 Brawler 1 | . . . 1 . . . . Duelist 3 | . . . . 2 . . 1 Sentry 15 | . . 1 8 . . . 6 Hunter 1 | . . . . . . 1 . Best Kill Streak 9 | . 3 3 9 3 . 3 4 Combat Bots Only 6 | . 3 3 6 3 . 3 3 Max Kills in Single Turn 4 | . 1 2 4 1 . 1 3 Gunslinging . | . . . . . . . . Exploded 3 | . . . 3 . . . 2 Melee . | . . . . . . . . Uniques/NPCs Destroyed . | . . . . . . . . Combat | -11 -10 -10 -9 -9 -9 -8 -8 -------- Run | Yrd Mat Min Mat Min Exi Min Mat Hostile Shots Fired 590 | . 84 13 100 26 . 76 291 Missed 179 | . 24 3 36 8 . 19 89 Hits 411 | . 60 10 64 18 . 57 202 Melee 6 | . . . . . . . 6 Projectile 405 | . 60 10 64 18 . 57 196 Critical Strikes 14 | . . . 2 . . 1 11 Damage Taken 5784 | . 631 84 767 270 . 788 3244 Core 934 | . 120 7 85 57 . 87 578 Absorbed by Shields . | . . . . . . . . Ignored by Resistances 10 | . . . . . . . 10 Regen/Repaired (Parts) 129 | . 13 . 77 . . . 39 Core Remaining (%) 63 | 100 . 49 . . . 42 . Volleys Fired 356 | . 51 9 67 20 . 26 183 Largest 2 | . 2 2 2 2 . 2 2 Hottest 144 | . 136 136 136 136 . 143 144 Shots Fired 640 | . 102 24 124 40 . 48 302 Gun 198 | . . . . . . 8 190 Cannon 426 | . 102 24 114 40 . 40 106 Launcher 16 | . . . 10 . . . 6 Special . | . . . . . . . . Kinetic 76 | . . . . . . . 76 Thermal 548 | . 102 24 114 40 . 48 220 Explosive 16 | . . . 10 . . . 6 Electromagnetic . | . . . . . . . . Robot Hit Streak 12 | . 6 6 7 8 . 11 12 Robot Miss Streak 8 | . 8 2 5 3 . 1 7 Penetration Max . | . . . . . . . . Secondary Targets 2 | . . . . . . . 2 Max Gunslinging Chain 1 | . . . . . . . 1 Shots Hit Robots 411 | . 52 12 69 22 . 35 221 Core Hits 247 | . 27 10 52 16 . 19 123 Critical Kills 2 | . . 1 . . . 1 . Critical Parts Destroyed . | . . . . . . . . Critical Strikes 13 | . . 1 . . . 2 10 Burn 11 | . . . . . . 1 10 Meltdown 2 | . . 1 . . . 1 . Melee Attacks 19 | . 8 . 1 4 . . 6 Impact . | . . . . . . . . Slashing 13 | . 8 . 1 4 . . . Piercing 6 | . . . . . . . 6 Sneak Attacks 5 | . 2 . . . . . 3 Combat Hostiles . | . . . . . . . . Follow-up Attacks . | . . . . . . . . Damage Inflicted 10678 | . 1304 317 2411 599 . 900 5147 Guns 2720 | . . . . . . 146 2574 Cannons 5593 | . 1158 276 1438 471 . 634 1616 Explosions 1671 | . . . 947 . . . 724 Melee 268 | . 94 . . . . . 174 Ramming 426 | . 52 41 26 128 . 120 59 Kinetic 1259 | . . . . . . . 1259 Thermal 7054 | . 1158 276 1438 471 . 780 2931 Explosive 1671 | . . . 947 . . . 724 Electromagnetic . | . . . . . . . . Impact . | . . . . . . . . Slashing 94 | . 94 . . . . . . Piercing 174 | . . . . . . . 174 Highest Corruption 6 | . 6 6 . . . . . Average Corruption 5 | . 5 6 . . . . . Corruption Purged . | . . . . . . . . Corruption Blocked . | . . . . . . . . Effects 100 | . 45 55 . . . . . Message Errors 27 | . 15 12 . . . . . Matter Fused 23 | . 13 10 . . . . . Heat Flow Errors 12 | . 4 8 . . . . . Energy Discharges 13 | . 4 9 . . . . . Data Loss (minor) 8 | . 4 4 . . . . . Data Loss (major) 7 | . 1 6 . . . . . Misfires 8 | . 2 6 . . . . . Weapon Failures 2 | . 2 . . . . . . Overload Shots . | . . . . . . . . Overflow Damage 101 | . 30 . 48 . . . 23 Projectiles 49 | . 30 . 19 . . . . Explosions 30 | . . . 29 . . . 1 Melee 22 | . . . . . . . 22 Knockbacks 41 | . 1 1 . 2 . . 37 Impact 4 | . 1 1 . 2 . . . Kinetic 31 | . . . . . . . 31 Secondary 6 | . . . . . . . 6 Self-Inflicted Damage 38 | . 10 . 28 . . . . Shots 1 | . . . 1 . . . . Rammed 47 | . 6 6 3 12 . 12 8 Targets Rammed 53 | . 7 6 4 15 . 13 8 Kicked 1 | . 1 . . . . . . Crushed 5 | . . . 1 3 . 1 . Highest Temperature 357 | . 280 248 96 114 . 209 357 Average Temperature 65 | . 90 81 23 35 . 41 76 Received Heat Transfer 2577 | . 123 . 237 129 . 279 1809 Effects 4 | . 2 . . . . . 2 Shutdowns 1 | . . . . . . . 1 Interference 3 | . 2 . . . . . 1 Siege Activations . | . . . . . . . . Martial Activations . | . . . . . . . . Shielding Activations . | . . . . . . . . Robots Disrupted . | . . . . . . . . Combat Hostiles . | . . . . . . . . Robots Corrupted . | . . . . . . . . Combat Hostiles . | . . . . . . . . Parts Fried . | . . . . . . . . Impact Corruptions . | . . . . . . . . Robots Melted 2 | . . 1 . . . 1 . Combat Hostiles 1 | . . . . . . 1 . Parts Melted 27 | . 3 5 3 . . 3 13 Heat Transferred 13616 | . 2035 481 2590 851 . 1480 6179 Parts Sabotaged . | . . . . . . . . Parts Stolen . | . . . . . . . . Parts Stripped . | . . . . . . . . Power Chain Reactions . | . . . . . . . . Alert | -11 -10 -10 -9 -9 -9 -8 -8 ------- Run | Yrd Mat Min Mat Min Exi Min Mat Maximum Alert Level 2 | . . . 1 . . . 2 Low Security (%) 75 | 100 100 100 23 100 . 100 61 Level 1 19 | . . . 76 . . . 18 Level 2 5 | . . . . . . . 20 Level 3 . | . . . . . . . . Level 4 . | . . . . . . . . Level 5 . | . . . . . . . . High Security . | . . . . . . . . Max Security . | . . . . . . . . Peak Influence 492 | . 112 62 370 144 . 126 492 Initial 144 | . . . . 144 . . . Average 112 | . 30 3 257 25 . 29 191 Influence Increases 3566 | . 460 120 1039 247 . 394 1306 Destroy 0b10 Robot/C 2080 | . 260 80 580 180 . 260 720 Destroy 0b10 Robot/NC 315 | . 65 30 95 15 . 10 100 Destroy Leader 510 | . 66 10 176 30 . 50 178 Allied During Kill 79 | . . . . 5 . 74 . Successful Hack 53 | . 18 . 9 . . . 26 Select Force Hacks 90 | . 30 . 60 . . . . Disable Machine 150 | . 15 . 30 15 . . 90 Destroy Structure 139 | . 6 . 74 2 . . 57 Partial Spotted 15 | . . . 15 . . . . Lose Combat Pursuer 135 | . . . . . . . 135 Influence Decreases 3093 | . 460 120 669 617 . 394 833 Entered New Map 226 | . . . . 226 . . . Time Decay 2592 | . 450 120 649 381 . 344 648 Lost Part 260 | . 10 . 20 10 . 50 170 Lost Ally 15 | . . . . . . . 15 Squads Dispatched 17 | . 3 . 5 1 . 2 6 Investigation 6 | . 2 . 4 . . . . Extermination . | . . . . . . . . Reinforcement 9 | . 1 . 1 . . 2 5 Assault 2 | . . . . 1 . . 1 Garrison . | . . . . . . . . Intercept . | . . . . . . . . Searches Triggered . | . . . . . . . . Construction Impeded 5 | . . . . . . 2 3 Haulers Reinforced . | . . . . . . . . Active Scanning Responses . | . . . . . . . . Cargo Convoy Interrupts . | . . . . . . . . Stealth | -11 -10 -10 -9 -9 -9 -8 -8 --------- Run | Yrd Mat Min Mat Min Exi Min Mat Distress Signals 13 | . 1 . 3 1 . . 8 Communications Jammed . | . . . . . . . . Distress Signals . | . . . . . . . . Times Spotted 176 | . 22 4 57 9 . 13 71 Peak Tracking Total 6 | . 3 2 6 3 . 4 5 Tactical Retreats 9 | . . . . . . . 9 Traps | -11 -10 -10 -9 -9 -9 -8 -8 ------- Run | Yrd Mat Min Mat Min Exi Min Mat Traps Triggered 6 | . 3 . 2 1 . . . Indirectly . | . . . . . . . . Trap Hack Attempts . | . . . . . . . . Triggered . | . . . . . . . . Disarmed . | . . . . . . . . Reprogrammed . | . . . . . . . . Reused . | . . . . . . . . Traps Extracted . | . . . . . . . . Installed . | . . . . . . . . Triggered . | . . . . . . . . Machines | -11 -10 -10 -9 -9 -9 -8 -8 ---------- Run | Yrd Mat Min Mat Min Exi Min Mat Machines Disabled 13 | . 3 1 2 1 . . 6 Max in Single Turn 1 | . 1 1 1 1 . . 1 Garrison Access 1 | . . . . . . . 1 Machines Repaired . | . . . . . . . . Machines Dismantled . | . . . . . . . . Machines Sabotaged . | . . . . . . . . Overloaded Fab Kills . | . . . . . . . . Hacking | -11 -10 -10 -9 -9 -9 -8 -8 --------- Run | Yrd Mat Min Mat Min Exi Min Mat Machines Accessed 25 | . 6 . 9 1 1 . 8 Terminals 13 | . 4 . 5 . . . 4 Fabricators . | . . . . . . . . Repair Stations 4 | . 1 . 2 . . . 1 Recycling Units 2 | . 1 . 1 . . . . Scanalyzers 3 | . . . 1 . . . 2 Garrison Access 1 | . . . . . . . 1 Total Hacks 83 | . 19 . 34 1 1 . 28 Successful 55 | . 11 . 22 1 1 . 20 Failed 27 | . 8 . 12 . . . 7 Catastrophic 3 | . . . 2 . . . 1 Database Lockouts 1 | . . . . . . . 1 Manual 41 | . 13 . 15 . 1 . 12 Terminals 44 | . 12 . 18 . . . 14 Fabricators . | . . . . . . . . Repair Stations 12 | . 3 . 7 . . . 2 Recycling Units 7 | . 4 . 3 . . . . Scanalyzers 17 | . . . 6 . . . 11 Garrison Access 1 | . . . . . . . 1 Terminal Hacks 9 | . 1 . 4 1 1 . 2 Part Schematic 1 | . . . 1 . . . . Robot Analysis 1 | . 1 . . . . . . Open Door 1 | . . . . 1 . . . Branch Access Points 1 | . . . 1 . . . . Alert Level 2 | . . . 1 . . . 1 Zone Layout 2 | . . . 1 . . . 1 Proto ID Catalog 1 | . . . . . 1 . . Fabricator Hacks . | . . . . . . . . Repair Station Hacks 9 | . 2 . 5 . . . 2 Scan Component 5 | . 1 . 3 . . . 1 Repair 4 | . 1 . 2 . . . 1 Recycling Unit Hacks 2 | . 1 . 1 . . . . Retrieve Components 2 | . 1 . 1 . . . . Scanalyzer 14 | . . . 4 . . . 10 Insert Component 6 | . . . 2 . . . 4 Analyze 6 | . . . 2 . . . 4 Retrieve Study 2 | . . . . . . . 2 Garrison Access Hacks 1 | . . . . . . . 1 Seal Access 1 | . . . . . . . 1 Unauthorized Hacks 20 | . 7 . 8 . . . 5 Terminals 17 | . 6 . 6 . . . 5 Botnet 6 | . 2 . 1 . . . 3 Operators 1 | . . . . . . . 1 Skim 10 | . 4 . 5 . . . 1 Fabricators . | . . . . . . . . Repair Stations . | . . . . . . . . Recycling Units 2 | . 1 . 1 . . . . Tunnel 2 | . 1 . 1 . . . . Scanalyzers 1 | . . . 1 . . . . Extract 1 | . . . 1 . . . . Garrison Access . | . . . . . . . . Data Cores Recovered . | . . . . . . . . Used . | . . . . . . . . Hacking Detections 16 | . 5 . 8 . . . 3 Full Trace Events 1 | . . . 1 . . . . Feedback Events . | . . . . . . . . Feedback Blocked . | . . . . . . . . Robot Schematics Acquired . | . . . . . . . . Robots Built . | . . . . . . . . Authchips . | . . . . . . . . Time . | . . . . . . . . Total Robot Build Rating . | . . . . . . . . Part Schematics Acquired 8 | . . . 4 . . . 4 Parts Built . | . . . . . . . . Authchips . | . . . . . . . . Time . | . . . . . . . . Total Part Build Rating . | . . . . . . . . Part Studies Acquired 2 | . . . . . . . 2 Parts Repaired 4 | . 1 . 2 . . . 1 Time 128 | . 26 . 58 . . . 44 Parts Recycled . | . . . . . . . . Recycled Matter . | . . . . . . . . Retrieved Matter . | . . . . . . . . Retrieved Components 12 | . 9 . 3 . . . . Parts Scanalyzed 5 | . . . 2 . . . 3 Part Schematics Acquired 5 | . . . 1 . . . 4 Parts Damaged . | . . . . . . . . Bothacking | -11 -10 -10 -9 -9 -9 -8 -8 ------------ Run | Yrd Mat Min Mat Min Exi Min Mat Used RIF Installer . | . . . . . . . . Robots Hacked . | . . . . . . . . Non-combat . | . . . . . . . . Combat . | . . . . . . . . Robot Hacks Applied . | . . . . . . . . Relay Couplers Released . | . . . . . . . . Fabnet Peak Effective % . | . . . . . . . . Robots Rewired . | . . . . . . . . Allies Hacked . | . . . . . . . . Hacks Repelled . | . . . . . . . . Allies | -11 -10 -10 -9 -9 -9 -8 -8 -------- Run | Yrd Mat Min Mat Min Exi Min Mat Total Allies 4 | . . . . 4 . . . Largest Group 4 | . . . . 4 4 4 2 Highest-Rated Group 71 | . . . . 71 63 63 39 Highest-Rated Ally 31 | . . . . 31 23 23 23 Total Orders 2 | . . . . 2 . . . STAY 1 | . . . . 1 . . . FOLLOW 1 | . . . . 1 . . . Ally Attacks 46 | . . . . 8 . 34 4 Total Damage 613 | . . . . 65 . 499 49 Kills 5 | . . . . . . 5 . Allies Corrupted . | . . . . . . . . Allies Melted . | . . . . . . . . Intel | -11 -10 -10 -9 -9 -9 -8 -8 ------- Run | Yrd Mat Min Mat Min Exi Min Mat Active Infowar (turns) 9 | . . . 3 . . . 6 Sensors 6 | . . . . . . . 6 ECM 3 | . . . 3 . . . . Robot Analysis Total 1 | . 1 . . . . . . Derelict Logs Recovered 3 | . . 2 . 1 . . . Drone Launches . | . . . . . . . . Drone Recoveries . | . . . . . . . . Exploration | -11 -10 -10 -9 -9 -9 -8 -8 ------------- Run | Yrd Mat Min Mat Min Exi Min Mat Turns Passed 14904 | 3 2179 2031 2770 2053 576 1503 3789 Spaces Moved 4938 | 3 828 620 956 798 225 572 936 Core 3 | . . . . . . . 3 Treads 4623 | . 573 620 956 798 225 572 879 Legs 181 | 3 173 . . . . . 5 Wheels 131 | . 82 . . . . . 49 Hover . | . . . . . . . . Flight . | . . . . . . . . Fastest Speed 115 | 120 115 320 240 240 240 240 185 Average Speed 261 | 120 228 320 253 240 240 240 294 Slowest Speed 1550 | 120 320 320 480 240 240 320 1550 Overloaded Moves . | . . . . . . . . Propulsion Burnouts . | . . . . . . . . Robots Hopped . | . . . . . . . . Potential Cave-ins . | . . . . . . . . Cave-ins Triggered . | . . . . . . . . Exploration Rate (%) 76 | 2 98 99 85 98 62 93 78 Regions Visited 7 Branch Regions 4 Pre-discovered Areas 5 | . 1 1 2 1 . . . Known Exits Taken 2 | . . . 1 . . 1 . Unknown Exits Taken 5 | 1 1 1 . 1 1 . . Scrap Searched 5 | . . 2 . 2 . 1 . Spaces Dug 8 | . 2 . 1 2 . . 3 Terrain Destroyed 135 | . 2 . 84 2 . . 47 Melee 8 | . 2 . 1 2 . . 3 Projectile 7 | . . . . . . . 7 AOE 120 | . . . 83 . . . 37 Terrain Rammed . | . . . . . . . . Walls Destroyed . | . . . . . . . . Machines Disabled . | . . . . . . . . Actions | -11 -10 -10 -9 -9 -9 -8 -8 --------- Run | Yrd Mat Min Mat Min Exi Min Mat Total 6201 | 2 992 637 1173 866 263 629 1639 Wait 614 | . 55 . 65 16 33 10 435 Move 4931 | 2 827 619 955 797 224 571 936 Hop . | . . . . . . . . Pick Up 41 | . 11 2 14 2 1 . 11 Fast Attach 25 | . 4 . 5 . . 1 15 Attach 16 | . 2 . 2 1 . 4 7 Detach 2 | . 1 . . . . . 1 Swap 84 | . 15 1 36 4 1 4 23 Drop 54 | . 11 . 24 1 4 . 14 Fire 356 | . 51 9 67 20 . 26 183 Melee 19 | . 8 . 1 4 . . 6 Ram 1 | . 1 . . . . . . Kick 1 | . 1 . . . . . . Crush 51 | . 5 6 4 15 . 13 8 Escape Stasis . | . . . . . . . . Rewire 6 | . . . . 6 . . . Trap . | . . . . . . . . Miscellaneous . | . . . . . . . . Route ------- -11/Scrapyard -10/Materials (discovered 6 exits: *Mat x3 / [*Min x2] / [*Sub]) -10/Mines (discovered 2 exits: *Mat x2) -9/Materials (discovered 5 exits: *Mat x3 / *Min x2) -9/Mines (discovered 3 exits: *Mat x2 / *Exi) -9/Exiles (discovered 2 exits: [*Min x2]) -8/Mines (discovered 2 exits: *Mat x2) -8/Materials (discovered 3 exits: *Fac x3) History --------- Turn | Location | Event 1 | -11/Scrapyard | Discovered new exit (range 1) 4 | -11/Scrapyard | Entered Materials 181 | -10/Materials | Discovered new exit (range 16) 262 | -10/Materials | Discovered new exit (range 10) 304 | -10/Materials | Build established: Mutant 437 | -10/Materials | Discovered new exit (range 16) 845 | -10/Materials | Discovered new exit (range 3) 1034 | -10/Materials | Discovered new exit (range 13) 1305 | -10/Materials | Repaired Heat Sink 1342 | -10/Materials | Discovered new exit (range 16) 1962 | -10/Materials | Build established: Scavenger-Mutant 2183 | -10/Materials | Entered Mines 2516 | -10/Mines | Discovered new exit (range 7) 2522 | -10/Mines | Learned location of Storage (-7) 2714 | -10/Mines | Joined a pair of Derelicts in attacking an 0b10 outpost 2903 | -10/Mines | Core integrity fell below 50% 2972 | -10/Mines | Discovered new exit (range 8) 3177 | -10/Mines | Received a Rocket Launcher from a helpful Derelict 4214 | -10/Mines | Entered Materials 4214 | -9/Materials | Evolved 2 slots: Propulsion x1, Utility x1 4215 | -9/Materials | Identified exit to Mines 4682 | -9/Materials | Discovered new exit (range 16) 5080 | -9/Materials | Repaired Lgt. Ion Engine 5113 | -9/Materials | Repaired Rocket Launcher 5639 | -9/Materials | Discovered new exit (range 16) 6301 | -9/Materials | Identified exit to Materials 6301 | -9/Materials | Learned location of 2 exits from Materials 6347 | -9/Materials | Learned Storage trap positions 6486 | -9/Materials | Learned Storage stockpile data 6533 | -9/Materials | Learned 2 Materials zone layouts 6984 | -9/Materials | Entered Mines 7013 | -9/Mines | Met a Derelict bent on vengeance 7610 | -9/Mines | Met a Derelict testing a Signal Generator 7632 | -9/Mines | Found Signal Generator 8166 | -9/Mines | Assisted by bots powering up and referring to "LRC-V3" 8334 | -9/Mines | Discovered exit to Materials (range 7) 8362 | -9/Mines | Deemed a non-threat by the Exiles lab entrance 8362 | -9/Mines | Discovered new exit (range 5) 8754 | -9/Mines | Discovered exit to Materials (range 9) 8916 | -9/Mines | Met a Derelict who couldn't figure out how to use a Trap Extractor 9037 | -9/Mines | Entered Exiles 9037 | -9/Exiles | Accompanied by 4 allies 9077 | -9/Exiles | Discovered new exit (range 15) 9104 | -9/Exiles | Met 8R-AWN 9140 | -9/Exiles | Met EX-HEX 9214 | -9/Exiles | Met EX-BIN 9243 | -9/Exiles | Aligned with FarCom system 9245 | -9/Exiles | Given EX-Vault access code 9303 | -9/Exiles | Opened EX-Vault 9343 | -9/Exiles | Found Flying Fortress v7 9390 | -9/Exiles | Warned to stay clear of 0b10 Research branches 9403 | -9/Exiles | Exiles lab attacked by MAIN.C 9553 | -9/Exiles | Discovered new exit (range 10) 9613 | -9/Exiles | Left Exiles lab with Flying Fortress v7 9613 | -9/Exiles | Entered Mines 9613 | -8/Mines | Accompanied by 4 allies 9810 | -8/Mines | Discovered exit to Materials (range 6) 10124 | -8/Mines | Core integrity fell below 50% 10194 | -8/Mines | Discovered exit to Materials (range 5) 11116 | -8/Mines | Entered Materials 11116 | -8/Materials | Accompanied by 2 allies 11116 | -8/Materials | Evolved 2 slots: Utility x2 11117 | -8/Materials | Identified exit to Factory 11616 | -8/Materials | Lost 4 parts (1p1n2w) 11778 | -8/Materials | Lost 3 parts (1n1u1w) 12001 | -8/Materials | Core integrity fell below 50% 12012 | -8/Materials | Lost 5 parts (1p1n2u1w) 12233 | -8/Materials | Build established: Mutant 12734 | -8/Materials | Central database locked down 13586 | -8/Materials | Repaired Spear 14123 | -8/Materials | Core integrity fell below 20% 14352 | -8/Materials | Discovered exit to Factory (range 12) 14716 | -8/Materials | First assault squad dispatched 14905 | -8/Materials | Destroyed by L-31 Rogue with Katana Last Messages --------------- Operator tracking enabled and active. 14602_ Y-45 Defender suffers critical hit (Burn). 14604_ Y-45 Defender heat short circuits Hvy. Assault Rifle. 14605_ Y-45 Defender destroyed. 14635_ Transport Network Coupler melted. 14635_ A-02 Transporter destroyed. 14716_ ALERT: Unidentified disturbance in Zone 1E, assault force dispatched. 14723_ U-05 Engineer builds a Wall. 14726_ Sneak attack on U-05 Engineer. 14726_ U-05 Engineer destroyed. 14727_ Acquired 10 matter. 14736_ U-05 Engineer builds a Wall. 14897_ C-45 Heavy ARC bursts open, deploying its payload. 14897_ G-50 Soldier unfolds itself. 14897_ L-31 Rogue unfolds itself. 14897_ G-47 Trooper unfolds itself. 14897_ K-01 Serf collects debris. 14898_ Arm. Treads destroyed. 14904_ Critical hit (Burn: +37). Map ----- +----------------------------------------------------+ | ######??????????????????????????? | | #??????????????????????????????? | | #??????????????????????????????? | | #??????????????????????????????? | | #??????????????????????????????? | | #????????########??????????????? | | #????????# #??????????????? | | #????????# "S #??????????????? | | #????????# """ #??????????????? | | #????????# "" #??????????????? | | #########?#/ #??????????????? | | ?# ] #?# #??????????????? | | ?# #?####+###??????????????? | | ?# #?# #?###+###??????? | | ?# #?# ####i#?# #??????? | | ?# #?# #??# ### #??????? | | ?# #?# #??# ! +??????? | | ####+###### #??##### #??????? | | #??????# #??????? | | #+#### #??????### ###??????? | | # % #????????# #????????? | | # #??????###%###??????? | | # #??????# gg #??o???? | | # #???#### % ###????? | | ####+###???# %g l####???? | | # #???# ## @ #???? | | ######""" ##### ##% ## #???? | | ?????#""" + ####+#### #???? | | ?????#""" ##### #???????# #???? | | ?????# !#???# #???????# #???? | | ?????# #???# #???????# #???? | | ?????########???# #???????# #???? | | ######??######### #???????# #???? | | """ #??# ## ???????# #???? | | """ #??# ############+##??? | | """ #??# #???# "T" #??? | | #??# #???# #??? | | ! ! #??# #???# #??? | | =???# #???# #??? | | ##+#########+###########+##+##??? | | #???? | | #############################???? | | ????????????????????????????????? | | ????????????????????????????????? | | ##########??????????????????????? | | #### ###############????????? | | ! % #????????? | | ! % #????????? | | #????????? | | +### ##########+####????????? | +----------------------------------------------------+ Best States ------------- Heat Dissipation 91 Energy Generation 14 Energy Capacity 280 Matter Stores 300 Matter Capacity 300 Sight Range 16 Robot Scan Range 15 Terrain Scan Density 10 Armor Coverage 975 Resistance: TH 10 Evasion (%) 55 Recoil Reduction 3 Item Schematics ----------------- Med. Storage Unit | -9/Materials | Hacked Adv. Beam Cannon | -9/Materials | Scanalyzed Trap Extractor | -9/Materials | Extracted Rnf. Ion Engine | -9/Materials | Extracted Imp. Flight Unit | -8/Materials | Scanalyzed Spear | -8/Materials | Scanalyzed Plasma Cutter | -8/Materials | Scanalyzed Hacking Suite | -8/Materials | Scanalyzed Robot Schematics ------------------ None Fabricated ------------ Nothing Repaired ---------- Heat Sink | 56% | -10/Materials Lgt. Ion Engine | 10% | -9/Materials Rocket Launcher | 41% | -9/Materials Spear | 2% | -8/Materials Studied --------- Assault Cannon | -8/Materials | Hacked Plasma Cutter | -8/Materials | Hacked Alien Tech Used ----------------- None Achievements -------------- None Challenges ------------ None Game ------ Seed ConcussiveAuthchipModule Manual? 0 Play Time 00:46:12 Cumulative 278.9 hours Start 2026.01.07 @ 20:20:34 End 2026.01.07 @ 21:15:09 Sessions 1 Manual Loads 0 Difficulty Rogue Special Mode None Game No. 356 Rogue 355 Adventurer 1 Explorer 0 Win Type - Total 2 Types 1/0/0/1/0/0/0/0/0/0 Lore% 76 Gallery% 67 Achievement% 56 Wizard Run 0 Options --------- Layout 0 ASCII 0 Keyboard 0 Movement Numpad Keybinds 0 Fullscreen 2 Font 24/Smallcaps Map View 76x50 Zoom Use 0% Tactical HUD 1 Map Filters NONE Filters NONE Steam 1 RUN: 09e00be4-6513-4113-aab6-c0a0408d1336